 Dungeon Crawl Stone Soup version 0.21-a0-111-g52d2817 (webtiles) character file.

37 sagitran the Skirmisher (level 3, -4/43 HPs)
             Began as a Demonspawn Abyssal Knight on July 11, 2017.
             Was a Follower of Lugonu.
             Killed from afar by a frilled lizard (8 damage)
             ... with an exploding inner flame
             ... hexed by the player character
             ... on level 3 of the Dungeon.
             The game lasted 00:04:22 (847 turns).

sagitran the Skirmisher (Demonspawn Abyssal Knight)  Turns: 847, Time: 00:04:22

Health: -4/43      AC: 21    Str: 13    XL:     3   Next: 21%
Magic:  5/5        EV:  2    Int: 13    God:    Lugonu [*.....]
Gold:   34         SH:  0    Dex: 12    Spells: 2/2 levels left

rFire    . . .     SeeInvis .   a - +1 mace
rCold    . . .     Gourm    .   (no shield)
rNeg     + + +     Faith    .   (armour currently unavailable)
rPois    +         Spirit   .   (helmet currently unavailable)
rElec    .         Reflect  .   (cloak currently unavailable)
rCorr    .         Harm     .   (gloves currently unavailable)
MR       .....     NoTele   +   (boots currently unavailable)
Stlth    +.........             (no amulet)
HPRegen  0.14/turn              (no ring)
MPRegen  0.09/turn              (no ring)

@: confused, tree-form
A: no striking features
a: Depart the Abyss, Renounce Religion


You were on level 3 of the Dungeon.
You worshipped Lugonu.
Lugonu was aware of your devotion.
You were not hungry.
You were a tree.
You visited 1 branch of the dungeon, and saw 4 of its levels.
You visited the Abyss 1 time.

You collected 34 gold pieces.

Inventory:

Hand Weapons
 a - a +1 mace (weapon)
Armour
 b - a +0 leather armour
 e - a +0 chain mail (melded)
Scrolls
 d - a scroll of recharging
 h - 3 scrolls of identify
Comestibles
 c - 2 bread rations
 f - a fruit
 i - 2 meat rations


   Skills:
 + Level 3.6 Fighting
 + Level 2.0 Maces & Flails
 + Level 2.1 Armour
 + Level 1.1 Dodging
 + Level 2.9 Invocations


You had 2 spell levels left.
You didn't know any spells.

Dungeon Overview and Level Annotations

Branches:
Dungeon (4/15)
 Temple: D:4-7

Altars:

Annotations:
D:3 Robin


Innate Abilities, Weirdness & Mutations

((Your movements are slightly less encumbered by armour. (ER -2)))


Message History

The fiery explosion engulfs the goblin.
The goblin explodes!
The fiery explosion engulfs the goblin.
The goblin explodes!
The fiery explosion engulfs the goblin.
The goblin explodes!
The fiery explosion engulfs the goblin.
The goblin explodes!
The fiery explosion engulfs the goblin.
The goblin explodes!
The fiery explosion engulfs the goblin.
The goblin explodes!
The fiery explosion engulfs the goblin.
The goblin explodes!
The fiery explosion engulfs the goblin.
The goblin explodes!
The fiery explosion engulfs the frilled lizard.
The frilled lizard explodes!
The fiery explosion engulfs you!
You die...

#.#..8.8..#
###
#.#.8._.8.#
#####.?
.....8.8..#
......
......8...#
r.#.#
###.......#
####.#.#
###..§.gg#
.....§§§g#
.....§§§♣#
.....§§§§#
.....§§§§#
...###§#§#
. #.#.#
#[#.# #...#
#####


You could see Robin (inner flame), a quokka, a hobgoblin (inner flame) and a
goblin (inner flame).

Vanquished Creatures
  A gnoll (D:1)
  A worm (D:2)
  3 giant cockroaches (D:1)
  3 goblins
  4 hobgoblins
  2 kobolds (D:1)
  2 ball pythons (D:1)
  4 bats
  A frilled lizard (D:1)
  2 rats (D:1)
23 creatures vanquished.

Notes
Turn   | Place    | Note
-------+----------+-------------------------------------------
     0 | Abyss:1  | sagitran the Demonspawn Abyssal Knight began the quest for the Orb.
     0 | Abyss:1  | Reached XP level 1. HP: 18/18 MP: 2/2
    90 | Abyss:2  | Noticed a thrashing horror
    92 | D:1      | Escaped the Abyss
   154 | D:1      | Reached * piety under Lugonu
   154 | D:1      | Gained mutation: Your movements are slightly less encumbered by armour. (ER -2) [demonic ancestry]
   154 | D:1      | Reached XP level 2. HP: 7/24 MP: 4/4
   508 | D:1      | Reached skill level 1 in Dodging
   678 | D:2      | Reached XP level 3. HP: 27/29 MP: 5/5
   730 | D:3      | Found a faded altar of an unknown god.
   833 | D:3      | Noticed Robin
   845 | D:3      | HP: 1/43 [goblin[Robin] (2)]
   847 | D:3      | Killed from afar by a frilled lizard

Vault maps used:
D:1:      evilmike_arrival_run_for_it
D:2:      kennysheep_generic_room_13, uniq_crazy_yiuf_cottage
D:3:      first_bread, chequers_ecumenical_altar_simple_redux, uniq_robin
D:4:      serial_shops, nicolae_shop_crystal, st_stairs_4, uniq_eustachio
Abyss:2:  evilmike_abyss_exit_15

Skill      XL: |  1  2 |
---------------+-------+-----
Maces & Flails | 2 |  2.0
Dodging        | 1 |  1.1
Armour         | 2 |  2.1
Fighting       | |  3.6
Invocations    | |  2.9

Action                   || total
-------------------------++-------
Melee: Mace              ||    85
Invok: Depart the Abyss  ||     1
  Use: Scroll            ||     4
       Potion            ||     3
Armor: Chain mail        ||   116
       Skin              ||     5
Dodge: Dodged            ||    71
